 Dungeon Crawl Stone Soup version 0.27-a0-1177-g245c70e1c0 (webtiles) character file.

Game seed: 733353739548719122

5 Gorglomux the Grasshopper (level 1, 0/11 HPs)
             Began as a Vine Stalker Warper on May 16, 2021.
             Succumbed to a goblin's poison
             ... on level 1 of the Dungeon.
             The game lasted 00:00:21 (291 turns).

Gorglomux the Grasshopper (Vine Stalker Warper)      Turns: 291, Time: 00:00:22

Health: 0/11       AC:  6    Str: 13    XL:     1   Next: 80%
Magic:  4/4        EV:  9    Int: 13    God:
Gold:   13         SH:  0    Dex: 13    Spells: 4/4 levels left

rFire    . . .     SeeInvis .   a - +0 short sword
rCold    . . .     Faith    .   (no shield)
rNeg     . . .     Spirit   +   d - +0 scale mail
rPois    .         Reflect  .   (no helmet)
rElec    .         Harm     .   (no cloak)
rCorr    .         Rampage  .   (no gloves)
Will     .....                  (no boots)
Stlth    ..........             (no amulet)
HPRegen  0.03/turn              (no ring)
MPRegen  0.09/turn              (no ring)

@: lethally poisoned (0 -> -6)
A: fangs 2, magic shield, antimagic bite, no potion heal 2
a: no special abilities


You were on level 1 of the Dungeon.
You visited 1 branch of the dungeon, and saw 1 of its levels.

You collected 13 gold pieces.

Inventory:

Hand Weapons
 a - a +0 short sword (weapon)
Missiles
 K - 5 boomerangs of dispersal (quivered)
Armour
 b - a +0 leather armour
 c - a +0 buckler
 d - a +0 scale mail (worn)
Scrolls
 e - a scroll of enchant armour {unknown}
 B - a scroll of blinking


   Skills:
 - Level 1.7 Fighting
 + Level 2.2 Short Blades
 - Level 0.8 Throwing
 - Level 0.7 Armour
 - Level 1.5 Dodging
 - Level 2.1 Spellcasting
 - Level 3.0 Translocations


You had 4 spell levels left.
You didn't know any spells.
Your spell library contained the following spells:

 Spells                   Type           Power      Damage    Failure   Level
 Blink                    Tloc           N/A        N/A       47%         2
 Gell's Gravitas          Tloc           4%         N/A       71%         3
 Lesser Beckoning         Tloc           4%         N/A       71%         3
 Teleport Other           Tloc           9%         N/A       71%         3
 Manifold Assault         Tloc           9%         N/A       100%        5


Dungeon Overview and Level Annotations

Branches:
Dungeon (1/15)

Altars:


Innate Abilities, Weirdness & Mutations

You have extremely sharp teeth.
When hurt, damage is shared between your health and your magic reserves.
Your bite disrupts and absorbs the magic of your enemies.
Potions cannot restore your health.


Message History

You kill the endoplasm!
No target in view!
No target in view!
You start removing your armour.
You continue taking off your +0 leather armour. x4
You finish taking off your +0 leather armour.
You start putting on your armour.
You continue putting on your +0 scale mail. x5
You finish putting on your +0 scale mail.
Magic restored.
Found 27 bolts.
A kobold comes into view. It is wielding a +0 dagger.
The kobold shouts!
The kobold throws a stone.
The stone hits you but does no damage.
The kobold throws a stone.
The stone hits you but does no damage.
Found 3 gold pieces.
A goblin comes into view. It is wielding a +0 club.
The goblin shouts!
The kobold hits you but does no damage.
You hit the kobold. Your bite misses the kobold.
The kobold is severely wounded.
The kobold hits you but does no damage.
You hit the kobold but do no damage. You bite the kobold.
You kill the kobold!
A goblin comes into view. It is wielding a +2 dagger of venom.
Things that are here:
a +0 dagger; 2 stones; a kobold corpse The goblin barely misses you.
Found a ring mail.
You closely miss the goblin. The goblin closely misses you.
You closely miss the goblin. Your bite misses the goblin.
The goblin hits you but does no damage.
You closely miss the goblin.
The goblin hits you but does no damage. x2
You are poisoned.
You closely miss the goblin.
You feel sick. The goblin hits you but does no damage.
The goblin closely misses you.
You hit the goblin but do no damage.
You feel sick.
A bat comes into view.
The goblin hits you but does no damage. x2
You are lethally poisoned!
The bat moves out of view.
You feel very sick.
Things that are here:
a +0 dagger; 2 stones; a kobold corpse
* * * LOW HITPOINT WARNING * * *
You feel sick.
You aren't carrying any potions.
* * * LOW HITPOINT WARNING * * *
You feel sick.
You die...

.... # #... ..
###.##..###....
...[...........
#..# #+## #.)# #.##
#gg#############.##
#(...$^............
##@#############.##
#.# #.## #.######
#.##
#.##...########.##
#......+.......).[
####...########.##
#...# ######.##
####...###........
#.........'......##


You could see 2 goblins.

Vanquished Creatures
  A bat (D:1)
  An endoplasm (D:1)
  A ball python (D:1)
  2 kobolds (D:1)
5 creatures vanquished.

Notes
Turn   | Place    | Note
-------+----------+-------------------------------------------
     0 | D:1      | Gorglomux the Vine Stalker Warper began the quest for the
                  | Orb.
     0 | D:1      | Reached XP level 1. HP: 11/11 MP: 4/4
   291 | D:1      | Succumbed to a goblin's poison

Illustrated notes

Levels and vault maps discovered:
D:1:      amcnicky_arrival_choice, layout_basic

Skill      XL: |  1 |
---------------+----+-----
Short Blades   | 2 |  2.2
Fighting       | |  1.7
Throwing       | |  0.8
Armour         | |  0.7
Dodging        | |  1.5
Spellcasting   | |  2.1
Translocations | |  3.0

Action                   || total
-------------------------++-------
Melee: Short sword       ||    13
       Bite              ||     2
Armor: Scale mail        ||    10
       Leather armour    ||     1
Dodge: Dodged            ||     6

Table legend: (Time is in decaauts)
 A = Elapsed time spent in this place.
 B = Non-inter-level travel time spent in this place.
 C = Inter-level travel time spent in this place.
 D = Time resting spent in this place.
 E = Time spent auto-exploring this place.
 F = Levels seen in this place.
 G = Mean time per level.
                   A        B        C        D        E       F      G
               +--------+--------+--------+--------+--------+-----+--------+
         Total |    291 |    291 |      0 |      0 |    236 |   1 |  291.0 |
       Dungeon |    291 |    291 |      0 |      0 |    236 |   1 |  291.0 |
               +--------+--------+--------+--------+--------+-----+--------+

Top non-repeatable levels by time:
     D:1: 291 daAuts
